 Dungeon Crawl Stone Soup version 0.26.1-11-gd32895ea62 (webtiles) character file.

Game seed: 13162828921424760910

13244 vovch the Peltast (level 11, -3/91 HPs)
             Began as a Minotaur Fighter on June 2, 2021.
             Was a High Priest of Hepliaklqana.
             Slain by an eight-headed hydra (4 damage)
             ... on level 1 of the Lair of Beasts on June 3, 2021.
             The game lasted 01:06:29 (14881 turns).

vovch the Peltast (Minotaur Fighter)               Turns: 14881, Time: 01:06:29

Health: -3/91      AC:  7    Str: 21    XL:     11   Next: 73%
Magic:  0/10       EV:  9    Int:  6    God:    Hepliaklqana [*****.]
Gold:   984        SH: 18    Dex: 12    Spells: 10/10 levels left

rFire    + . .     SeeInvis .   a - +2 long sword
rCold    + . .     Faith    .   c - +4 kite shield
rNeg     + . .     Spirit   +   b - +0 scale mail
rPois    .         Reflect  .   (helmet restricted)
rElec    .         Harm     .   F - scarf {rC+ rF+}
rCorr    .         Rampage  .   (no gloves)
Will     +....                  (no boots)
Stlth    ..........             w - amulet of guardian spirit
HPRegen  0.25/turn              v - ring of willpower
MPRegen  0.12/turn              i - ring of positive energy

@: no status effects
A: retaliatory headbutt, reduced essence, horns 2, low mp 1, sense surroundings
1
a: Renounce Religion, Recall Ancestor, Ancestor Identity, Transference, Idealise


You were on level 1 of the Lair of Beasts.
You worshipped Hepliaklqana.
Hepliaklqana was extremely pleased with you.
You visited 2 branches of the dungeon, and saw 12 of its levels.

You collected 984 gold pieces.

Inventory:

Hand Weapons
 a - a +2 long sword (weapon)
 r - a +0 hand axe of venom
 O - a +1 quarterstaff of draining
Missiles
 K - 7 atropa-tipped darts (quivered)
 Q - 2 boomerangs
Armour
 b - a +0 scale mail (worn)
 c - a +4 kite shield (worn)
 d - a +0 troll leather armour
 F - a scarf of resistance (worn)
 R - a +1 leather armour of fire resistance
Jewellery
 i - a ring of positive energy (right hand)
 v - a ring of willpower (left hand)
 w - an amulet of guardian spirit (around neck)
 B - an uncursed ring of positive energy
 H - an uncursed ring of see invisible
 P - an uncursed ring of willpower
Wands
 D - a wand of iceblast (3)
 J - a wand of polymorph (4)
 M - a wand of disintegration (10)
 N - a wand of enslavement (4)
Scrolls
 g - 2 scrolls of amnesia
 j - 4 scrolls of teleportation
 k - a scroll of magic mapping
 l - 5 scrolls of fear
 q - 4 scrolls of blinking
 x - a scroll of enchant armour
 y - 5 scrolls of remove curse
 S - a scroll of fog
Potions
 e - a potion of brilliance
 h - 4 potions of lignification
 n - a potion of ambrosia
 o - 2 potions of haste {unknown}
 p - 3 potions of curing
 s - 4 potions of mutation
 t - a potion of invisibility
 u - a potion of attraction
 z - 2 potions of flight
 I - 2 potions of resistance {unknown}
 L - a potion of heal wounds


   Skills:
 - Level 11.2 Fighting
 + Level 11.8 Long Blades
 - Level 4.9 Armour
 - Level 15.0 Shields
 - Level 3.1 Invocations


You had 10 spell levels left.
You didn't know any spells.
Your spell library contained the following spells:

 Spells                   Type           Power        Failure   Level
 Animate Skeleton         Necr           0%           78%         1
 Beastly Appendage        Tmut           0%           78%         1
 Pain                     Necr           0%           78%         1
 Wereblood                Tmut           0%           89%         2
 Spider Form              Tmut/Pois      0%           98%         3
 Vampiric Draining        Necr           0%           98%         3
 Animate Dead             Necr           0%           100%        4
 Ice Form                 Ice/Tmut       0%           100%        4
 Agony                    Necr           0%           100%        5
 Blade Hands              Tmut           0%           100%        5


Dungeon Overview and Level Annotations

Branches:
Dungeon (11/15)            Temple (0/1) D:5            Lair (1/6) D:11
    Orc: D:9-12

Altars:
Ashenzari
Fedhas
Gozag
Hepliaklqana
Makhleb
Okawaru
Qazlal
Ru
Sif Muna
Trog
Uskayaw
Xom
Yredelemnul
The Shining One

Shops:
D:6 *

Annotations:
D:7 2 transporters, stil's ghost, novice MfIE


Innate Abilities, Weirdness & Mutations

You reflexively headbutt those who attack you in melee.
You have a pair of horns on your head.
Your life essence is reduced to manifest your ancestor. (-10% HP)
Your magical capacity is low. (-10% MP)
You passively map a small area around you.


Message History

* * * LOW HITPOINT WARNING * * *
The eight-headed hydra completely misses you.
You block the eight-headed hydra's attack.
The eight-headed hydra closely misses you.
The eight-headed hydra bites you but does no damage.
You block the eight-headed hydra's attack.
The eight-headed hydra bites you.
* * * LOW HITPOINT WARNING * * *
The eight-headed hydra bites you!
* * * LOW HITPOINT WARNING * * *
You barely miss the eight-headed hydra. You headbutt the eight-headed hydra!
The eight-headed hydra is heavily wounded.
The eight-headed hydra bites you!
* * * LOW HITPOINT WARNING * * *
You block the eight-headed hydra's attack. x2
The eight-headed hydra barely misses you.
You block the eight-headed hydra's attack.
The eight-headed hydra barely misses you.
The eight-headed hydra bites you.
You die...

...# #...............#
* ...#
#...............P.
...#
#...#.............
...#
#..##P..........#., ,
...#
#..P##.....#.....$
...##
#...P.......#...# ,
....#
#...............##
....#
#..#.....D........ , ,
...##
#...#...@.......## ,
...# #..##........#P##
,
...######..##.#....#.#
# ,
............######P###
**, ...........## ###
*, , , ..........##
..##.....## *
####....#.# #.######


You could see an eight-headed hydra.

Vanquished Creatures
  A two-headed ogre (D:10)
  2 ugly things (D:11)
  A slime creature (D:11)
  A centaur zombie (D:11)
  A gargoyle (D:10)
  A cane toad (Lair:1)
  A rime drake (Lair:1)
  A komodo dragon (D:11)
  A steam dragon (D:11)
  2 humans (D:7)
  3 water moccasins
  3 orc warriors
  2 sky beasts
  A phantom (D:7)
  5 ogres
  A wolf (D:8)
  4 centaurs
  2 big kobolds
  5 bullfrogs
  A gnoll sergeant (D:5)
  A wyvern zombie (D:10)
  2 scorpions
  5 wights (D:11)
  2 howler monkeys (D:7)
  A quasit (D:9)
  A bullfrog skeleton (D:4)
  5 hounds
  3 jellies
  9 orc priests
  5 orc wizards
  A centaur skeleton (D:5)
  Natasha (D:2)
  3 iguanas
  8 worker ants
  A hound skeleton (D:9)
  Robin (D:3)
  7 gnolls
  9 adders
  2 white imps
  An ufetubus (D:10)
  2 oozes
  An adder skeleton (D:5)
  2 worms (D:4)
  4 leopard geckos
  35 orcs
  7 giant cockroaches
  11 goblins
  6 hobgoblins
  7 jackals
  4 quokkas
  12 bats
  9 frilled lizards
  A jackal zombie (D:8)
  9 kobolds
  A leopard gecko skeleton (D:5)
  A quokka zombie (D:5)
  7 rats
  A spectral orc (D:7)
227 creatures vanquished.

Vanquished Creatures (collateral kills)
  2 ugly things
  A cyclops (D:11)
  A manticore (D:11)
  A komodo dragon (Lair:1)
  A troll (D:11)
  A slime creature (D:11)
  A wyvern (D:8)
  A shadow (D:11)
  Grum (D:8)
  An ice beast (D:8)
  4 sky beasts
  4 orc warriors
  2 phantoms
  A centaur (D:9)
  5 ogres
  2 wolves (D:8)
  4 bullfrogs
  2 gnoll sergeants (D:10)
  3 scorpions
  4 wights (D:11)
  A howler monkey (D:7)
  2 centaur skeletons
  3 orc priests
  A hound (D:11)
  2 jellies
  2 iguanas
  6 orc wizards
  A worker ant (D:9)
  5 gnolls
  4 adders
  A shadow imp (D:8)
  An adder zombie (D:5)
  A leopard gecko (D:3)
  19 orcs
  A bat (D:3)
  2 goblins (D:3)
  A hobgoblin (D:3)
  3 jackals (D:7)
  A quokka (D:9)
  A frilled lizard (D:5)
  7 kobolds
107 creatures vanquished.

Vanquished Creatures (others)
  A battlemage (Lair:1)
  2 ancestors
  15 plants (D:11)
18 creatures vanquished.

Grand Total: 352 creatures vanquished

Notes
Turn   | Place    | Note
-------+----------+-------------------------------------------
     0 | D:1      | vovch the Minotaur Fighter began the quest for the Orb.
     0 | D:1      | Reached XP level 1. HP: 19/19 MP: 0/0
   453 | D:1      | Reached XP level 2. HP: 27/27 MP: 1/1
   716 | D:1      | Reached skill level 4 in Shields
   736 | D:1      | Reached XP level 3. HP: 34/34 MP: 2/2
  1167 | D:2      | Found a hazy altar of Hepliaklqana.
  1176 | D:2      | Became a worshipper of Hepliaklqana the Forgotten
  1239 | D:2      | You fall into a shaft and drop 2 floors!
  1297 | D:3      | Reached XP level 4. HP: 36/36 MP: 3/3
  1298 | D:3      | Noticed Robin
  1303 | D:3      | Reached skill level 5 in Fighting
  1306 | D:3      | Killed Robin
  1599 | D:3      | Reached XP level 5. HP: 34/43 MP: 4/4
  2177 | D:2      | Reached * piety under Hepliaklqana
  2262 | D:2      | Found a stormy altar of Qazlal.
  2611 | D:2      | Found an ancient bone altar of Kikubaaqudgha.
  2624 | D:2      | Found a burning altar of Makhleb.
  2624 | D:2      | Found a blossoming altar of Fedhas.
  2626 | D:2      | Found a broken altar of Ashenzari.
  2626 | D:2      | Found a shimmering altar of Xom.
  2626 | D:2      | Found an opulent altar of Gozag.
  2627 | D:2      | Noticed Natasha
  2632 | D:2      | Gained mutation: Your magical capacity is low. (-10% MP)
                  | [potion of mutation]
  2632 | D:2      | Gained mutation: You passively map a small area around you.
                  | [potion of mutation]
  2634 | D:2      | Killed Natasha
  3105 | D:3      | Reached skill level 5 in Shields
  3320 | D:4      | Reached XP level 6. HP: 43/51 MP: 4/4
  3726 | D:4      | Reached skill level 6 in Shields
  3970 | D:4      | Reached XP level 7. HP: 54/57 MP: 5/5
  3986 | D:4      | Found a hide-covered altar of Uskayaw.
  4301 | D:5      | Entered Level 5 of the Dungeon
  4365 | D:5      | Reached skill level 7 in Shields
  5200 | D:5      | Found a staircase to the Ecumenical Temple.
  5278 | D:5      | Reached ** piety under Hepliaklqana
  5298 | D:5      | Remembered your ancestor Njabulo as a battlemage
  5696 | D:5      | Found a burning altar of Makhleb.
  5866 | D:5      | Found a broken altar of Ashenzari.
  5902 | D:5      | Reached XP level 8. HP: 65/65 MP: 6/6
  5951 | D:5      | Reached skill level 8 in Shields
  6114 | D:6      | Found Ylunaa's Lightly-Used Armoury.
  6121 | D:6      | Reached skill level 5 in Long Blades
  6480 | D:6      | Found an iron altar of Okawaru.
  6510 | D:6      | Reached skill level 9 in Shields
  6967 | D:7      | Found a transporter.
  7031 | D:7      | Reached skill level 10 in Shields
  7031 | D:7      | Reached XP level 9. HP: 57/73 MP: 7/7
  7318 | D:7      | Noticed stil's ghost (novice MfIE)
  7499 | D:7      | Found a basalt altar of Yredelemnul.
  7551 | D:7      | Found a transporter.
  7565 | D:7      | Reached *** piety under Hepliaklqana
  7623 | D:7      | Found an iron altar of Okawaru.
  7645 | D:7      | Reached skill level 11 in Shields
  8357 | D:8      | Noticed Grum
  8371 | D:8      | Killed Grum
  8775 | D:8      | Found a glowing golden altar of the Shining One.
  8881 | D:8      | Noticed a red ugly thing
  8889 | D:8      | Killed a red ugly thing
  8890 | D:8      | Reached skill level 10 in Fighting
  8890 | D:8      | Reached skill level 12 in Shields
  8890 | D:8      | Reached XP level 10. HP: 69/83 MP: 6/8
  9099 | D:8      | Found a bloodstained altar of Trog.
  9392 | D:9      | Found a sacrificial altar of Ru.
  9522 | D:9      | Got a steaming ring mail
 10150 | D:9      | Reached **** piety under Hepliaklqana
 10257 | D:10     | Entered Level 10 of the Dungeon
 10729 | D:10     | Noticed a two-headed ogre
 10738 | D:10     | Killed a two-headed ogre
 10739 | D:10     | Reached skill level 13 in Shields
 11049 | D:10     | Noticed a gargoyle
 11061 | D:10     | Killed a gargoyle
 11062 | D:10     | Reached skill level 1 in Invocations
 11489 | D:10     | Found a shimmering blue altar of Sif Muna.
 12139 | D:11     | Noticed a manticore
 12148 | D:11     | Killed a manticore
 12149 | D:11     | Reached XP level 11. HP: 65/91 MP: 6/10
 12151 | D:11     | Found a staircase to the Lair.
 12633 | D:11     | Reached skill level 14 in Shields
 12638 | D:11     | Noticed a red ugly thing
 12653 | D:11     | Killed a red ugly thing
 13149 | D:11     | Identified the cursed +1 ring mail "Roifusk" {Harm *Drain
                  | rCorr} (You found it on level 9 of the Dungeon)
 13319 | D:11     | Reached skill level 15 in Shields
 13319 | D:11     | Reached skill level 10 in Long Blades
 13420 | D:11     | Noticed a purple ugly thing
 13429 | D:11     | Killed a purple ugly thing
 13755 | D:11     | Noticed a red ugly thing
 13767 | D:11     | Killed a red ugly thing
 14464 | Lair:1   | Entered Level 1 of the Lair of Beasts
 14633 | Lair:1   | Reached ***** piety under Hepliaklqana
 14867 | Lair:1   | Noticed a five-headed hydra
 14881 | Lair:1   | HP: 1/91 [eight-headed hydra (8)]
 14881 | Lair:1   | Slain by an eight-headed hydra

Illustrated notes

Levels and vault maps discovered:
D:1:      onia_arrival_pyramid, layout_loops_corners, nrook_campfire
D:2:      layout_loops_ring, nzn_hepliaklqana_mist_gate, doesnt_xom_only_xom,
          nicolae_qazlal_eye_of_the_storm, uniq_natasha
D:3:      layout_basic, grunt_decor_fettered, minmay_parallelograms, uniq_robin
D:4:      layout_loops_ring, lemuel_coloured_pillars_altar
D:5:      layout_loops_ring, nicolae_overflow_crystal_walls,
          nicolae_overflow_hidden_temple, minmay_temple_entry_glass,
          minmay_misc_feat_tower
D:6:      layout_cave_pools, old_standard_altar, minmay_shop_damaged
D:7:      layout_rooms, yredelemnul_forgotten_temple_becter,
          gammafunk_ghost_mausoleum, okawaru_humans
D:8:      layout_loops_cross, marbit_many_paths, nicolae_tso_swordbearing_angel,
          uniq_grum
D:9:      layout_roguey, nicolae_ru_sacrificial_ziggurat
D:10:     layout_roguey [special_room_orc], led_sif_book
D:11:     layout_basic, david_lair_shrubbed
Lair:1:   lemuel_ratsnest, layout_gridlike, minivault_24

Skill      XL: |  1  2  3  4  5  6  7  8  9 10 11 |
---------------+----------------------------------+-----
Fighting       | 4 5 6 7 8 10 11 | 11.2
Shields        | 4 5 6 7 10 12 13 15 | 15.0
Armour         | 4 |  4.9
Long Blades    | 3 4 6 8 9 11 | 11.8
Invocations    | 2 3 |  3.1

Action                   |  1- 3 |  4- 6 |  7- 9 | 10-12 || total
-------------------------+-------+-------+-------+-------++-------
Melee: Long sword        |    97 |   107 |   261 |   341 ||   806
       Headbutt          |    14 |    29 |    55 |    83 ||   181
Invok: Recall Ancestor   |     1 |       |     1 |     1 ||     3
       Ancestor Identity |     1 |       |       |       ||     1
       Ancestor Life: Ba |       |       |     1 |       ||     1
       Idealise          |       |       |       |     1 ||     1
  Use: Scroll            |       |     3 |    19 |     7 ||    29
       Potion            |       |     1 |     7 |     2 ||    10
 Stab: Distracted        |       |       |     1 |     3 ||     4
Armor: Scale mail        |    40 |    47 |    77 |    42 ||   206
       Skin              |       |       |     2 |       ||     2
Dodge: Dodged            |    31 |    33 |    92 |    48 ||   204
Block: Kite shield       |    54 |    63 |   155 |   230 ||   502
       Rpst.: Long sword |     9 |     7 |    23 |    12 ||    51
